Map: Interloper LE

Players

Pain - Winner!

  • Race: Protoss Protoss
  • Spawn Location: 5:00

A.I. 1 (Easy)

  • Race: Zerg Zerg
  • Spawn Location: 11:00

VOD

Have the link to the VOD?

Description

Time

  • Played on: Sept. 8, 2017, 9:23 p.m.
  • Length: 17:01
Show
View Real Time Build Order
Export as new Build Order

Pain Protoss - Winner!

Build Orders:  

Get SALT Encoding   

  12  0:13  Pylon  
  12  0:27  Probe (Chrono Boost)  
  13  0:37  Gateway  
  13  0:38  Probe (Chrono Boost)  
  14  0:55  Pylon  
  14  1:09  Pylon  
  14  1:15  Gateway  
  14  1:22  Assimilator  
  14  1:32  Probe (Chrono Boost)  
  15  1:41  Pylon  
  15  1:42  Probe (Chrono Boost)  
  15  1:43  Zealot  
  18  1:55  Cybernetics Core  
  17  2:11  Probe (Chrono Boost)  
  18  2:21  Probe (Chrono Boost)  
  19  2:27  Forge  
  19  2:28  Zealot  
  21  2:32  Probe (Chrono Boost)  
  21  2:36  Warp Gate (Chrono Boost)  
  22  2:46  Pylon  
  22  3:09  Stalker  
  24  3:18  Photon Cannon  
  24  3:23  Pylon  
  24  3:32  Mothership Core (Chrono Boost)  
  26  4:03  Nexus  
  26  4:07  Probe  
  27  4:14  Assimilator  
  27  4:18  Pylon  
  27  4:19  Probe  
  28  4:26  Pylon  
  28  4:28  Protoss Ground Weapons Level 1  
  28  4:51  Pylon  
  28  5:11  Pylon  
  28  5:13  Probe  
  29  5:22  Probe  
  29  5:25  Probe  
  31  5:31  Assimilator  
  31  5:32  Probe  
  32  5:37  Probe  
  32  5:41  Photon Cannon  
  33  5:43  Probe  
  33  5:49  Probe  
  29  6:01  Probe  
  29  6:03  Stalker  
  32  6:04  Stalker  
  34  6:22  Protoss Ground Armor Level 1  
  32  6:27  Zealot  
  32  6:28  Zealot  
  34  6:46  Photon Cannon  
  32  6:58  Pylon  
  32  7:12  Stalker  
  32  7:15  Stalker  
  36  7:38  Stargate  
  36  7:43  Probe  
  37  7:54  Probe  
  38  8:01  Pylon  
  38  8:10  Twilight Council  
  38  8:25  Stalker, Assimilator  
  38  8:27  Stalker  
  42  8:51  Stalker  
  42  8:52  Stalker  
  46  9:03  Gateway  
  46  9:16  Gateway  
  46  9:17  Pylon  
  46  9:21  Protoss Air Weapons Level 1 (Chrono Boost)  
  46  9:34  Probe  
  47  9:47  Protoss Ground Weapons Level 2  
  45  10:38  Void Ray  
  45  10:55  Stalker x2  
  45  10:56  Stalker  
  51  11:16  Stalker  
  53  11:20  Stalker, Void Ray  
  53  11:22  Protoss Air Armor Level 1 (Chrono Boost)  
  53  11:23  Stalker x2  
  63  12:03  Void Ray  
  67  12:34  Stalker x3  
  67  12:35  Stalker  
  75  12:49  Protoss Ground Armor Level 2  
  75  13:05  Robotics Facility  
  75  13:09  Pylon  
  75  13:17  Gateway  
  75  13:25  Photon Cannon  
  75  13:27  Gateway  
  75  13:35  Stargate  
  75  13:40  Stalker  
  77  13:41  Stalker x2  
  77  13:42  Stalker  
  81  14:31  Warp Prism  
  83  14:41  Stalker  
  83  14:42  Stalker  
  83  14:43  Stalker x2  
  83  14:44  Stalker  
  93  14:47  Pylon  
  93  15:05  Protoss Shields Level 1  
  93  15:06  Warp Prism  
  93  15:11  Stalker x3  
  93  15:12  Stalker x2  
  105  15:15  Void Ray  
  105  15:18  Void Ray  
  113  15:42  Warp Prism  
  113  15:43  Pylon  
  115  15:58  Void Ray  
  115  15:59  Pylon  
  115  16:02  Stalker x2  
  115  16:04  Stalker  
  125  16:05  Stalker  
  127  16:45  Stalker  
  133  16:47  Stalker  
  133  16:50  Stalker  
  133  16:51  Stalker x2  
  141  16:54  Stalker  
Show
View Real Time Build Order
Export as new Build Order

A.I. 1 (Easy) Zerg 

Build Orders: Pool First 

Get SALT Encoding   

  12  0:00  Drone  
  13  0:12  Overlord  
  13  0:17  Drone  
  14  0:31  Drone  
  14  0:35  Drone  
  16  0:42  Spawning Pool  
  16  0:45  Drone  
  16  0:48  Extractor  
  15  0:52  Drone  
  16  1:00  Overlord  
  16  1:29  Zergling x2  
  16  1:32  Queen  
  19  1:33  Roach Warren  
  19  1:35  Drone, Zergling x2  
  20  1:40  Extractor  
  20  1:43  Drone  
  20  1:51  Zergling x2  
  21  2:01  Zergling x2  
  22  2:12  Zergling x2  
  23  2:23  Zergling x2  
  24  2:33  Overlord  
  24  2:38  Zergling x2  
  24  2:39  Drone  
  26  2:44  Zergling x2  
  26  2:45  Drone  
  28  2:56  Drone  
  29  3:07  Drone  
  29  3:11  Drone  
  29  3:12  Overlord  
  31  3:15  Drone  
  32  5:16  Drone, Overlord, Lair, Roach  
  32  5:20  Drone  
  36  5:33  Roach  
  36  5:34  Drone  
  39  5:36  Overlord  
  39  5:38  Hatchery  
  39  5:39  Drone  
  39  5:43  Drone  
  40  5:52  Roach  
  42  6:10  Roach  
  43  6:13  Overseer x2  
  41  6:18  Hydralisk Den  
  37  6:43  Zergling x2  
  36  6:51  Drone  
  37  6:55  Drone  
  37  6:58  Extractor  
  37  6:59  Drone  
  37  7:00  Hydralisk  
  40  7:03  Extractor  
  40  7:04  Drone  
  40  7:08  Drone  
  41  7:12  Drone  
  42  7:16  Drone  
  42  7:18  Hydralisk  
  42  7:21  Drone  
  46  7:25  Drone  
  46  7:29  Drone  
  48  7:34  Drone  
  49  7:38  Drone  
  49  7:42  Drone  
  51  7:47  Drone  
  53  7:51  Drone  
  53  7:55  Drone  
  54  8:00  Drone  
  54  8:04  Drone  
  56  8:08  Drone  
  58  8:12  Drone  
  58  8:17  Drone  
  59  8:21  Drone  
  59  8:22  Overlord  
  59  8:25  Drone  
  61  8:30  Drone  
  62  8:34  Drone  
  63  9:48  Pneumatized Carapace  
  63  9:49  Overseer  
  63  9:50  Evolution Chamber, Roach  
  64  10:00  Hydralisk  
  66  10:18  Zerg Melee Weapons Level 1  
  66  10:20  Zergling x2  
  60  10:31  Roach  
  56  10:37  Overseer, Overlord x2  
  56  10:43  Roach  
  58  10:54  Roach  
  60  11:00  Hatchery  
  59  11:05  Hydralisk  
  61  11:17  Hydralisk  
  63  11:29  Roach  
  65  12:12  Zerg Ground Armor Level 1  
  65  12:14  Drone  
  66  12:18  Drone  
  68  12:22  Drone  
  68  12:23  Extractor  
  68  12:27  Drone  
  68  12:29  Extractor  
  67  12:31  Drone  
  67  12:35  Drone  
  69  13:53  Infestation Pit  
  69  13:54  Drone  
  69  13:55  Spire  
  69  13:58  Drone  
  69  14:06  Zerg Melee Weapons Level 2  
  69  14:16  Overseer, Zergling x2, Overlord  
  57  14:25  Overseer  
  53  14:31  Hive  
  53  15:10  Corruptor  
  55  15:24  Corruptor  
  57  15:54  Hydralisk  
  57  15:55  Overlord  
  59  16:09  Zergling x2  
  59  16:14  Overlord  
  56  16:24  Roach  
  51  16:35  Overlord  
Tags
 
Matchup
PvZ
Opening
Pool First
Replay Pack
RP
Spawn Locations
Cross Positions
Add a new tag
Caveats
  • Supply blocks, unpowered buildings, or Contaminate may cause inaccurate times.
  • Supply counts are checked every 10 seconds.